 Dungeon Crawl Stone Soup version 0.29.0-15-g675c0067aa (webtiles) character file.

Game seed: 13284733130979605724

215 porpoise the Caller (level 5, -2/22 HPs)
             Began as a Felid Summoner on Sept 12, 2022.
             Killed from afar by an orc wizard (12 damage)
             ... with a puff of flame
             ... on level 4 of the Dungeon.
             The game lasted 00:18:46 (5001 turns).

porpoise the Caller (Felid Summoner)                Turns: 5001, Time: 00:18:46

Health: -2/22      AC:  1    Str:  4    XL:     5   Next: 60%
Magic:  1/11       EV: 19    Int: 19    God:
Gold:   129        SH:  5    Dex: 16    Spells: 4/10 levels left
                                        Lives:  0   Deaths: 1

rFire   . . .      SeeInvis +   (weapon unavailable)
rCold   . . .      Faith    .   (shield unavailable)
rNeg    . . .      Spirit   .   (body armour unavailable)
rPois   .          Reflect  +   (helmet unavailable)
rElec   .          Harm     .   (cloak unavailable)
rCorr   .          Rampage  .   (gloves unavailable)
Will    .....                   (boots unavailable)
Stlth   +++.......              h - amulet of reflection
HPRegen 0.07/turn               (no ring)
MPRegen 0.12/turn               (no ring)

@: quick
A: very small, claws 1, fangs 3, see invisible, speed 1, shaggy fur 1, stealthy
paws, no weapons or thrown items, no armour, multi-lived
a: no special abilities


You were on level 4 of the Dungeon.
You visited 1 branch of the dungeon, and saw 4 of its levels.

You collected 129 gold pieces.

Inventory:

Jewellery
 h - an amulet of reflection (around neck)
 o - a ring of protection from cold
Wands
 l - a wand of flame (9)
Scrolls
 c - a scroll of vulnerability
 g - a scroll of teleportation
 i - a scroll of amnesia {unknown}
 j - a scroll of blinking {unknown}
 k - 2 scrolls of torment {unknown}
 n - a scroll of immolation {unknown}
 q - a scroll of fear {unknown}
Potions
 a - a potion of brilliance
 d - a potion of attraction
 e - a potion of curing
 f - a potion of heal wounds {unknown}
 m - 2 potions of invisibility
 p - a potion of ambrosia {unknown}


   Skills:
 + Level 2.1 Fighting
 + Level 4.8 Dodging
 - Level 3.6 Stealth
 + Level 3.4 Spellcasting
 + Level 5.3 Summonings


You had 4 spell levels left.
You knew the following spells:

 Your Spells              Type           Power      Damage    Failure   Level
a - Summon Small Mammal   Summ           92%        N/A       1%          1
b - Call Imp              Summ           23%        N/A       2%          2
c - Call Canine Familiar  Summ           23%        N/A       4%          3

Your spell library contained the following spells:

 Spells                   Type           Power      Damage    Failure   Level
 Sandblast                Erth           6%         2d5       14%         1
 Summon Guardian Golem    Hex/Summ       13%        N/A       14%         3
 Passwall                 Tmut/Erth      2%         N/A       22%         2
 Stone Arrow              Conj/Erth      6%         3d7       41%         3
 Summon Lightning Spire   Summ/Air       13%        N/A       43%         4


Dungeon Overview and Level Annotations

Branches:
Dungeon (4/15)
 Temple: D:4-7

Altars:


Innate Abilities, Weirdness & Mutations

You have sharp claws.
You have razor-sharp teeth.
You have supernaturally acute eyesight. (SInv)
You cover ground quickly. (Speed+)
You are covered in fur. (AC +1)
Your paws help you pounce on unaware monsters.
You are incapable of wielding weapons or throwing items.
You cannot wear armour.
You gain extra lives every three experience levels.


Message History

Your shadow imp completely misses you.
Casting: Call Imp (safe; 2% risk of failure)
Confirm with . or Enter, or press ? or * to list all spells.
Your shadow imp closely misses the orc wizard.
The orc wizard hits your shadow imp with a +0 dagger.
Casting: Summon Small Mammal (safe; 1% risk of failure)
Confirm with . or Enter, or press ? or * to list all spells.
The orc wizard hits your shadow imp but does no damage.
Your shadow imp misses you.
The orc wizard hits your shadow imp with a +0 dagger.
Your shadow imp dies!
Your shadow imp disappears in a puff of smoke!
Something barely misses your bat.
Your bat misses the orc wizard.
The orc wizard hits your quokka with a +0 dagger.
Your bat hits the orc wizard but does no damage.
The orc wizard gestures at you while chanting.
The magic dart hits your quokka.
Your quokka dies!
Your quokka's corpse disappears in a puff of smoke!
Your bat hits the orc wizard but does no damage.
The orc wizard gestures at you while chanting.
The magic dart hits you!
Unknown command.
You are too injured to fight recklessly!
Your bat hits the orc wizard but does no damage. x2
The orc wizard hits you with a +0 dagger.
You closely miss the orc wizard. Your bat hits the orc wizard.
Your bat barely misses the orc wizard.
The orc wizard misses you.
You scratch the orc wizard.
The orc wizard is lightly wounded.
Your bat hits the orc wizard but does no damage. x2
The orc wizard barely misses you.
You scratch the orc wizard. Your bite misses the orc wizard.
The orc wizard is lightly wounded.
Your bat hits the orc wizard but does no damage.
The orc wizard gestures at you while chanting.
The puff of flame hits you!
Ouch! That really hurt!
You die...

#.........
#.........
#.).......
#.........
#<# #)#
#.#
###o###
#.b.@.#
#.##### #.
#


You could see an orc wizard (invisible, ally target) and a friendly bat
(summoned).

Vanquished Creatures
  Natasha (D:3)
  A dart slug (D:1)
  A bat (D:1)
  2 giant cockroaches (D:1)
  A jackal (D:1)
  A quokka (D:3)
  2 kobolds
9 creatures vanquished.

Vanquished Creatures (collateral kills)
  A water moccasin (D:3)
  Natasha (twice) (D:3)
  3 adders
  A gnoll (D:1)
  A worm (D:2)
  4 dart slugs
  2 orcs (D:4)
  5 ball pythons
  7 endoplasms
  3 giant cockroaches
  4 goblins
  7 hobgoblins
  8 jackals
  3 kobolds
  2 quokkas (D:1)
  5 bats
  3 frilled lizards (D:3)
  2 rats
63 creatures vanquished.

Vanquished Creatures (others)
  An orc wizard (D:4)
  2 fungi (D:2)
  3 plants
6 creatures vanquished.

Grand Total: 78 creatures vanquished

Notes
Turn   | Place    | Note
-------+----------+-------------------------------------------
     0 | D:1      | porpoise the Felid Summoner began the quest for the Orb.
     0 | D:1      | Reached XP level 1. HP: 7/7 MP: 4/4
    95 | D:1      | Reached XP level 2. HP: 5/11 MP: 1/6
   268 | D:1      | Learned a level 2 spell: Call Imp
  1123 | D:1      | Reached XP level 3. HP: 14/14 MP: 2/7
  1715 | D:1      | Learned a level 3 spell: Call Canine Familiar
  2230 | D:2      | Found a faded altar of an unknown god.
  3042 | D:2      | Reached XP level 4. HP: 18/18 MP: 5/8
  3658 | D:3      | Noticed a water moccasin
  3660 | D:3      | Noticed Natasha
  3723 | D:3      | Killed a water moccasin
  3724 | D:3      | Reached skill level 1 in Fighting
  3724 | D:3      | Reached skill level 5 in Summonings
  3724 | D:3      | Reached XP level 5. HP: 15/22 MP: 1/10
  3735 | D:3      | Killed Natasha
  3742 | D:3      | Noticed Natasha
  3751 | D:3      | Killed Natasha
  3832 | D:3      | Noticed Natasha
  3843 | D:3      | Slain by Natasha
  3844 | D:3      | Reached XP level 4. HP: -1/19 MP: 5/9
  3952 | D:3      | Reached XP level 5. HP: 22/22 MP: 6/10
  4144 | D:3      | Killed Natasha
  5001 | D:4      | Killed from afar by an orc wizard

Illustrated notes

Levels and vault maps discovered:
D:1:      tarquinn_simple_flora_water_c, layout_basic, st_stairs_5,
          lemuel_another_geyser
D:2:      minmay_door_path, layout_loops_corners,
          shapermc_ecumenical_altar_hornbeckon
D:3:      layout_basic, uniq_natasha
D:4:      layout_basic, mainiacjoe_overflow_swirl, serial_demonic,
          serial_demonic_e, serial_demonic_g, serial_demonic_c, serial_demonic_g

Skill      XL: |  1  2  3  4  5 |
---------------+----------------+-----
Dodging        | 3 4 |  4.8
Stealth        | 3 |  3.6
Fighting       | 1 2 |  2.1
Spellcasting   | 3 |  3.4
Summonings     | 5 |  5.3

Action                   |  1- 3 |  4- 6 || total
-------------------------+-------+-------++-------
Melee: Unarmed           |    46 |    32 ||    78
       Bite              |     4 |     3 ||     7
 Cast: Summon Small Mamm |    84 |    23 ||   107
       Call Imp          |     8 |    11 ||    19
       Call Canine Famil |     2 |    13 ||    15
  Use: Potion            |       |     1 ||     1
       Scroll            |       |     5 ||     5
 Stab: Distracted        |     1 |       ||     1
Armor: Skin              |     4 |       ||     4
Dodge: Dodged            |    56 |    45 ||   101
Block: Other             |     2 |     5 ||     7
       Reflection        |     1 |       ||     1
